 Dungeon Crawl Stone Soup version 0.28-a0-268-g3f656e82c2 (webtiles) character file.

Game seed: 5005879272513734685

1075 theanonym the Cudgeller (level 8, -4/64 HPs)
             Began as a Mummy Delver on Aug 28, 2021.
             Was an Initiate of Makhleb.
             Slain by Edmund (7 damage)
             ... on level 6 of the Dungeon.
             The game lasted 00:06:49 (6191 turns).

theanonym the Cudgeller (Mummy Delver)              Turns: 6191, Time: 00:06:50

Health: -4/64      AC: 16    Str: 17    XL:     8   Next: 8%
Magic:  8/8        EV:  5    Int: 10    God:    Makhleb [......]
Gold:   222        SH:  0    Dex: 19    Spells: 7/7 levels left

rFire   x . .      SeeInvis .   k - +0 great mace
rCold   + . .      Faith    .   (shield currently unavailable)
rNeg    + + +      Spirit   .   q - +0 plate armour
rPois   ∞          Reflect  .   (no helmet)
rElec   .          Harm     .   n - +1 cloak
rCorr   .          Rampage  .   (no gloves)
Will    +....                   (no boots)
Stlth   ..........              (no amulet)
HPRegen 0.20/turn               d - +6 ring of dexterity
MPRegen 0.11/turn               m - +4 ring of protection

@: no status effects
A: cold resistance 1, negative energy resistance 3, torment resistance 2, heat
vulnerability 1, no potions
a: Renounce Religion


Innate Abilities, Weirdness & Mutations

You are immune to poison.
Your flesh is cold resistant. (rC+)
You are immune to negative energy. (rN+++)
You are immune to unholy pain and torment.
You are vulnerable to heat. (rF-)
You do not drink.


   Skills:
 + Level 6.2 Fighting
 * Level 6.6 Maces & Flails
 - Level 1.5 Dodging
 - Level 4.1 Stealth


You had 7 spell levels left.
You didn't know any spells.
Your spell library was empty.

Skill      XL: |  1  2  3  4  5  6  7 |
---------------+----------------------+-----
Maces & Flails | 2 3 4 5 6 |  6.6
Fighting       | 4 5 6 |  6.2
Dodging        | |  1.5
Stealth        | |  4.1

Action                   |  1- 3 |  4- 6 |  7- 9 || total
-------------------------+-------+-------+-------++-------
Melee: Mace              |    26 |       |       ||    26
       Great mace        |    91 |   101 |    94 ||   286
Evoke: Wand              |       |       |    11 ||    11
  Use: Scroll            |       |     5 |     4 ||     9
 Stab: Sleeping          |     1 |       |       ||     1
Armor: Leather armour    |     2 |       |       ||     2
       Chain mail        |   133 |   102 |    18 ||   253
       Plate armour      |       |       |    66 ||    66
Dodge: Dodged            |    90 |    59 |    46 ||   195

Inventory:

Hand Weapons
 a - a +0 mace
 k - a +0 great mace (weapon)
Armour
 n - a +1 cloak (worn)
 q - a +0 plate armour (worn)
Jewellery
 d - a +6 ring of dexterity (left hand)
 m - a +4 ring of protection (right hand)
Wands
 c - a wand of digging (3)
 w - a wand of flame (2)
Scrolls
 f - 2 scrolls of fog
 h - a scroll of enchant armour
 i - a scroll of brand weapon
 l - 2 scrolls of vulnerability
 o - a scroll of enchant weapon
 t - a scroll of teleportation
 y - 2 scrolls of magic mapping


You were on level 6 of the Dungeon.
You worshipped Makhleb.
Makhleb was noncommittal.
You visited 1 branch of the dungeon, and saw 6 of its levels.

You collected 222 gold pieces.

Dungeon Overview and Level Annotations

Branches:
Dungeon (6/15)
 Temple: D:4-7

Altars:
Elyvilon
Gozag
Kikubaaqudgha
Makhleb
Nemelex Xobeh
Zin
The Shining One

Shops:
D:3 (

Annotations:
D:6 Edmund

.... . #..#.
##..#. ...! ...#
# .. #..#.# #
...J###..#.##.#
......@........
.#.####@.#.##..
##........
#<........
................
..#.###...#.##.#
#...#.# #
#...#.# ....#
.....


You could see Edmund and a jelly (fleeing).

Notes
Turn   | Place    | Note
-------+----------+-------------------------------------------
     0 | D:5      | theanonym the Mummy Delver began the quest for the Orb.
     0 | D:5      | Reached XP level 1. HP: 18/18 MP: 1/1
    96 | D:4      | Noticed a scorpion
   135 | D:4      | Reached skill level 2 in Maces & Flails
   135 | D:4      | Reached XP level 2. HP: 21/24 MP: 2/2
   213 | D:3      | Found a faded altar of an unknown god.
  1085 | D:1      | Reached XP level 3. HP: 29/29 MP: 3/3
  1128 | D:1      | HP: 14/29 [quokka (4)]
  1817 | D:1      | Reached skill level 3 in Maces & Flails
  2414 | D:2      | Reached XP level 4. HP: 37/37 MP: 4/4
  3191 | D:3      | Found Bouseg's Antique Weapon Shop.
  3406 | D:3      | You fall into a shaft and drop 2 floors!
  3406 | D:5      | Noticed an ogre
  3446 | D:3      | Killed a scorpion
  3447 | D:3      | Reached skill level 4 in Fighting
  3447 | D:3      | Reached XP level 5. HP: 30/42 MP: 5/5
  4044 | D:4      | Reached skill level 4 in Maces & Flails
  4094 | D:4      | Noticed a black bear
  4106 | D:4      | Killed a black bear
  4107 | D:4      | Reached XP level 6. HP: 45/49 MP: 6/6
  4190 | D:4      | HP: 21/50 [black bear (5)]
  4192 | D:4      | Reached skill level 5 in Fighting
  4192 | D:4      | Reached skill level 5 in Maces & Flails
  4478 | D:4      | Reached XP level 7. HP: 31/56 MP: 7/7
  4671 | D:4      | Found a burning altar of Makhleb.
  4683 | D:4      | Became a worshipper of Makhleb the Destroyer
  5274 | D:5      | Found an ancient bone altar of Kikubaaqudgha.
  5324 | D:5      | HP: 19/57 [ogre (27)]
  5329 | D:5      | Found an opulent altar of Gozag.
  5329 | D:5      | Found a sparkling altar of Nemelex Xobeh.
  5333 | D:5      | HP: 18/57 [kobold (3)]
  5354 | D:4      | HP: 18/57 [phantom (1)]
  5356 | D:4      | Reached skill level 6 in Maces & Flails
  5891 | D:5      | Reached skill level 6 in Fighting
  5977 | D:5      | Reached XP level 8. HP: 34/64 MP: 8/8
  6172 | D:6      | Noticed Edmund
  6184 | D:6      | HP: 27/64 [Edmund (8)]
  6189 | D:6      | HP: 3/64 [Edmund (12)]
  6191 | D:6      | Slain by Edmund

Vanquished Creatures
  4 black bears (D:4)
  An ogre (D:5)
  A phantom (D:4)
  A kobold brigand (D:5)
  3 scorpions
  A bullfrog zombie (D:5)
  A hound (D:5)
  3 jellies
  A howler monkey skeleton (D:5)
  5 adders
  An adder skeleton (D:4)
  3 worms
  3 dart slugs
  A bat zombie (D:5)
  6 endoplasms
  2 giant cockroaches
  4 goblins
  7 hobgoblins
  4 jackals (D:1)
  14 kobolds
  3 quokkas (D:1)
  3 ball pythons
  8 bats
  4 frilled lizards
  6 rats (D:2)
  3 rat zombies (D:5)
93 creatures vanquished.

Table legend: (Time is in decaauts)
 A = Elapsed time spent in this place.
 B = Non-inter-level travel time spent in this place.
 C = Inter-level travel time spent in this place.
 D = Time resting spent in this place.
 E = Time spent auto-exploring this place.
 F = Levels seen in this place.
 G = Mean time per level.
                   A        B        C        D        E       F      G
               +--------+--------+--------+--------+--------+-----+--------+
         Total |   6368 |   5911 |    457 |   1581 |   3453 |   6 | 1061.3 |
       Dungeon |   6368 |   5911 |    457 |   1581 |   3453 |   6 | 1061.3 |
               +--------+--------+--------+--------+--------+-----+--------+

Top non-repeatable levels by time:
     D:4: 1435 daAuts
     D:3: 1364 daAuts
     D:1: 1323 daAuts
     D:2: 1279 daAuts
     D:5: 938 daAuts
     D:6: 26 daAuts
